 Dungeon Crawl Stone Soup version 0.18.1-48-g4cf74bf (webtiles) character file.

364 nikopol the Skirmisher (level 6, -1/56 HPs)
             Began as a Minotaur Berserker on July 13, 2016.
             Was a Priest of Trog.
             Slain by junkhipster's ghost (4 damage)
             ... on level 4 of the Dungeon.
             The game lasted 00:08:33 (2452 turns).

nikopol the Skirmisher (Minotaur Berserker)         Turns: 2452, Time: 00:08:34

Health: -1/56      AC:  7    Str: 21    XL:     6   Next: 39%
Magic:  5/5        EV: 11    Int:  4    God:    Trog [***...]
Gold:   128        SH:  0    Dex: 12    Spells: 0 memorised, 5 levels left

rFire  . . .     SeeInvis .     a - +0 spear
rCold  . . .     Gourm    .     r - +0 scale mail
rNeg   . . .     Faith    .     (no shield)
rPois  .         Spirit   .     (helmet restricted)
rElec  .         Dismiss  .     (no cloak)
rCorr  .         Reflect  .     (no gloves)
SustAt .         Harm     .     (no boots)
MR     .....                    (no amulet)
Stlth  ..........               (no ring)
                                (no ring)

@: exhausted, slowed, very slow, not resistant to hostile enchantments,
extremely unstealthy
A: retaliatory headbutt, horns 2
a: Berserk, Trog's Hand, Burn Spellbooks, Renounce Religion


You were on level 4 of the Dungeon.
You worshipped Trog.
Trog was most pleased with you.
You were very hungry.

You visited 1 branch of the dungeon, and saw 4 of its levels.

You collected 128 gold pieces.

Inventory:

Hand Weapons
 a - a +0 spear (weapon)
Missiles
 n - 36 arrows
Armour
 b - a +0 animal skin
 q - a +0 ring mail
 r - a +0 scale mail (worn)
Jewellery
 j - a +4 amulet of reflection {unknown}
Wands
 t - a wand of confusion (24/48)
Scrolls
 d - 8 scrolls of identify {unknown}
 e - 2 scrolls of remove curse {unknown}
 i - a scroll of blinking {unknown}
 l - a scroll of teleportation {unknown}
 o - a scroll of random uselessness {unknown}
 p - 2 scrolls of magic mapping {unknown}
Potions
 g - a potion of lignification {unknown}
 h - 2 potions of curing {unknown}
 k - a potion of brilliance {unknown}
 s - a potion of mutation {unknown}
 u - a potion of flight {unknown}
Comestibles
 c - 2 bread rations
 f - 2 meat rations
 m - 4 fruits
 v - 2 chunks of flesh


   Skills:
 + Level 5.3 Fighting
 + Level 5.2 Polearms
 + Level 4.6 Armour
 + Level 4.2 Dodging


You had 5 spell levels left.
You didn't know any spells.

Dungeon Overview and Level Annotations

Branches:
Dungeon (4/15)
 Temple: D:4-7

Altars:
Ru

Annotations:
D:4 junkhipster's ghost, novice DDFi


Innate Abilities, Weirdness & Mutations

You reflexively headbutt those who attack you in melee.
You have a pair of horns on your head.


Message History

Junkhipster's ghost is severely damaged.
Junkhipster's ghost hits you but does no damage.
Junkhipster's ghost closely misses you. You furiously retaliate!
You headbutt junkhipster's ghost.
You hit junkhipster's ghost but do no damage.
You headbutt junkhipster's ghost!
Junkhipster's ghost is almost destroyed.
Junkhipster's ghost hits you.
* * * LOW HITPOINT WARNING * * *
Some of the chunks of flesh in your inventory have rotted away.
You hit junkhipster's ghost but do no damage.
You headbutt junkhipster's ghost.
Junkhipster's ghost is almost destroyed.
Junkhipster's ghost hits you!
* * * LOW HITPOINT WARNING * * *
You hit junkhipster's ghost.
You headbutt junkhipster's ghost, but do no damage.
Junkhipster's ghost is almost destroyed.
Junkhipster's ghost hits you.
You die...

#...... #...... #......
######## #....#. ##......##
#.....# ##........##
#[)#...
#..........#####.).#..
######..........##.......#
.......<..@W............#..
................##.....#$..
.#####..........##.........
...#.....รท...##...#.#...
##.#.....)...........#..
#....................##
............#.......#..
..#..........##...#.#...
.##%.....>...# ..


You could see junkhipster's ghost.

Vanquished Creatures
  The ghost of TBriggs11TB the Skirmisher, an amateur HuBe of Trog (D:3)
  A crimson imp (D:3)
  A hound (D:4)
  An orc priest (D:4)
  An orc wizard (D:4)
  8 adders
  2 worms (D:2)
  4 dart slugs
  A giant gecko (D:1)
  2 orcs (D:4)
  4 giant cockroaches
  3 hobgoblins
  6 jackals
  7 kobolds
  3 quokkas
  A ball python (D:3)
  9 bats
  A giant newt (D:1)
  9 goblins
  14 rats
79 creatures vanquished.

Notes
Turn   | Place    | Note
--------------------------------------------------------------
     0 | D:1      | nikopol the Minotaur Berserker began the quest for the Orb.
     0 | D:1      | Reached XP level 1. HP: 19/19 MP: 0/0
   276 | D:1      | Reached XP level 2. HP: 27/27 MP: 1/1
   641 | D:1      | Reached ** piety under Trog
   681 | D:1      | Reached XP level 3. HP: 24/33 MP: 2/2
   958 | D:2      | Found a faded altar to an unknown god.
  1064 | D:2      | Reached XP level 4. HP: 36/40 MP: 3/3
  1392 | D:2      | Reached *** piety under Trog
  1629 | D:3      | Found a sacrificial altar of Ru.
  1725 | D:3      | Noticed TBriggs11TB's ghost (amateur HuBe)
  1729 | D:3      | Reached XP level 5. HP: 46/47 MP: 4/4
  1741 | D:3      | Killed TBriggs11TB's ghost
  1741 | D:3      | Reached skill level 5 in Fighting
  2215 | D:4      | Reached XP level 6. HP: 32/56 MP: 5/5
  2216 | D:4      | Reached skill level 5 in Polearms
  2423 | D:4      | Noticed junkhipster's ghost (novice DDFi)
  2452 | D:4      | Slain by junkhipster's ghost

Skill      XL: |  1  2  3  4  5  6 |
---------------+-------------------+-----
Fighting       | 4 5 |  5.3
Polearms       | 4 5 |  5.2
Armour         | 3 4 |  4.6
Dodging        | 3 4 |  4.2

Action                   |  1- 3 |  4- 6 || total
-------------------------+-------+-------++-------
Melee: Spear             |    94 |   135 ||   229
       Headbutt          |    17 |    25 ||    42
Invok: Berserk           |       |     3 ||     3
 Stab: Sleeping          |     1 |       ||     1
  Eat: Chunk             |       |     7 ||     7
Armor: Animal skin       |    14 |       ||    14
       Ring mail         |       |    18 ||    18
       Scale mail        |       |    11 ||    11
Dodge: Dodged            |    34 |    61 ||    95
